 Dungeon Crawl Stone Soup version 0.18.1-50-g88ac8fd (webtiles) character file.

2223 grisgris the Thaumaturge (level 9, -6/45 HPs)
             Began as a Deep Elf Fire Elementalist on Nov 7, 2016.
             Mangled by an orc warrior
             ... wielding a +0 glaive
              (7 damage)
             ... on level 7 of the Dungeon.
             The game lasted 00:24:22 (7625 turns).

grisgris the Thaumaturge (DEFE)                     Turns: 7625, Time: 00:24:23

Health: -6/45      AC:  8    Str: 10    XL:     9   Next: 13%
Magic:  9/23       EV: 13    Int: 24    God:
Gold:   262        SH:  0    Dex: 15    Spells: 5 memorised, 9 levels left

rFire  + . .     SeeInvis .     c - +2 quarterstaff (chaos)
rCold  . . .     Gourm    .     a - +1 robe
rNeg   . . .     Faith    .     (shield currently unavailable)
rPois  .         Spirit   .     (no helmet)
rElec  .         Dismiss  .     e - +1 cloak
rCorr  .         Reflect  .     g - +2 pair of gloves
SustAt .         Harm     .     (no boots)
MR     .....                    (no amulet)
Stlth  ++........               d - ring of protection from fire
                                i - +5 ring of strength

@: not resistant to hostile enchantments, unstealthy
A: no striking features
a: no special abilities


You were on level 7 of the Dungeon.
You were not hungry.

You visited 1 branch of the dungeon, and saw 7 of its levels.

You collected 262 gold pieces.

Inventory:

Hand Weapons
 c - a +2 quarterstaff of chaos (weapon)
 n - a +1 short sword
 u - a +0 dagger of venom
Armour
 a - a +1 robe (worn)
 e - a +1 cloak (worn)
 g - a +2 pair of gloves (worn)
Jewellery
 d - a ring of protection from fire (right hand)
 i - a +5 ring of strength (left hand)
Wands
 f - a wand of heal wounds (9/9)
 p - a wand of random effects (18/48)
 s - a wand of digging (1/24)
Scrolls
 m - 2 scrolls of identify
 y - a scroll of fog
Potions
 h - a potion of ambrosia
 k - a potion of curing
 l - 2 potions of flight
 x - a potion of agility
Books
 b - a book of Flames

   Spells                             Type                      Level
   a - Flame Tongue                   Conjuration/Fire             1
   b - Throw Flame                    Conjuration/Fire             2
   c - Conjure Flame                  Conjuration/Fire             3
   d - Inner Flame                    Hexes/Fire                   3
   e - Sticky Flame                   Conjuration/Fire             4
   f - Fireball                       Conjuration/Fire             5
 j - a book of the Warp

   Spells                             Type                      Level
   a - Recall                         Summoning/Translocation      3
   b - Gell's Gravitas                Hexes/Translocation          3
   c - Force Lance                    Conjuration/Translocation    4
   d - Warp Weapon                    Charms/Translocation         5
   e - Summon Forest                  Summoning/Translocation      5
Comestibles
 o - 6 chunks of flesh
 w - a meat ration
 z - 2 fruits
 A - a bread ration


   Skills:
 - Level 2.4 Dodging
 - Level 2.4 Stealth
 * Level 8.4 Spellcasting
 * Level 8.4 Conjurations
 + Level 1.0 Summonings
 + Level 1.0 Translocations
 * Level 8.4 Fire Magic


You had 9 spell levels left.
You knew the following spells:

 Your Spells              Type           Power        Failure   Level  Hunger
a - Flame Tongue          Conj/Fire      #####        1%          1    None
b - Sticky Flame          Conj/Fire      ######..     1%          4    ##.....
c - Conjure Flame         Conj/Fire      ######..     1%          3    None
d - Throw Flame           Conj/Fire      ######       1%          2    None
e - Summon Forest         Summ/Tloc      ###.......   93%         5    ####...


Dungeon Overview and Level Annotations

Branches:
Dungeon (7/15)
 Temple: D:4-7

Altars:
Cheibriados
Elyvilon
Fedhas
Makhleb
Pakellas
Ru
Sif Muna
Trog
Xom
Yredelemnul
The Shining One


Message History

Aiming: Sticky Flame
Press: ? - help, Shift-Dir - straight line, f - orc warrior
Aim: an orc warrior, wielding a glaive and wearing a plate armour The sticky flame hits the orc warrior.
The orc warrior appears unharmed.
The orc warrior is covered in liquid flames!
The orc warrior burns!
The orc barely misses you.
Casting: Sticky Flame
Confirm with . or Enter, or press ? or * to list all spells.
Aiming: Sticky Flame
Press: ? - help, Shift-Dir - straight line, f/p - orc warrior
Aim: an orc warrior, wielding a glaive and wearing a plate armour (lightly wounded, covered in liquid flames)
The sticky flame hits the orc warrior.
The orc warrior is moderately wounded.
The orc warrior is covered in liquid flames!
The orc warrior burns!
The orc warrior hits you with a glaive!!
* * * LOW HITPOINT WARNING * * *
The orc warrior burns!
The orc warrior hits you from afar with a glaive!
You die...

#...# #....
####...####......
#.........>.....<
##.#.....##......
#.....###...b...
##....#.o.......
#.....oo##......
#....)### ..o..
#.##@.# ....
...##..# .o.
#....#...## .o
#...##..).### .
#### #.#....#
#.#.##..... #.#.#
#.... #.#.. ....
#.#..# ...


You could see an orc warrior (burning) and 2 orcs.

Vanquished Creatures
  The ghost of grisgris the Magician, an amateur DEFE (D:3)
  Sigmund (D:3)
  Menkaure (D:4)
  2 ice beasts (D:5)
  A black bear (D:6)
  2 ogres
  3 giant frogs
  A scorpion (D:3)
  A water moccasin skeleton (D:5)
  2 howler monkeys
  2 crimson imps
  3 hounds (D:4)
  3 giant frog zombies
  A jelly (D:5)
  Crazy Yiuf (D:4)
  3 orc priests (D:6)
  A giant frog skeleton (D:4)
  An iguana (D:6)
  Natasha (D:4)
  4 orc wizards
  4 worker ants
  A hound zombie (D:6)
  2 howler monkey zombies (D:5)
  3 gnolls (D:5)
  10 adders
  A howler monkey skeleton (D:5)
  2 shadow imps (D:5)
  An ooze (D:2)
  2 worms
  2 dart slugs
  A giant gecko (D:4)
  20 orcs
  5 ball pythons
  2 gnoll zombies (D:2)
  10 goblins
  5 hobgoblins
  9 jackals
  5 quokkas
  4 bats
  4 giant newts
  A jackal skeleton (D:5)
  5 kobolds
  4 rats
138 creatures vanquished.

Notes
Turn   | Place    | Note
--------------------------------------------------------------
     0 | D:1      | grisgris the Deep Elf Fire Elementalist began the quest for the Orb.
     0 | D:1      | Reached XP level 1. HP: 10/10 MP: 6/6
   235 | D:1      | Reached XP level 2. HP: 7/15 MP: 2/8
   982 | D:2      | Reached XP level 3. HP: 8/19 MP: 3/9
  1196 | D:2      | Found a bloodstained altar of Trog.
  1600 | D:2      | Found a basalt altar of Yredelemnul.
  2093 | D:2      | Reached XP level 4. HP: 24/24 MP: 12/12
  2099 | D:2      | Learned a level 4 spell: Sticky Flame
  2103 | D:2      | Learned a level 3 spell: Conjure Flame
  2106 | D:2      | Learned a level 2 spell: Throw Flame
  2409 | D:3      | Noticed grisgris's ghost (amateur DEFE)
  2992 | D:4      | Found a sacrificial altar of Ru.
  3028 | D:4      | Reached XP level 5. HP: 20/28 MP: 7/14
  3299 | D:4      | Reached skill level 5 in Spellcasting
  3394 | D:4      | Noticed Menkaure
  3470 | D:4      | Killed Menkaure
  3470 | D:4      | Reached XP level 6. HP: 20/32 MP: 10/16
  3573 | D:4      | Reached skill level 5 in Conjurations
  3738 | D:5      | Entered Level 5 of the Dungeon
  3795 | D:4      | Reached skill level 5 in Fire Magic
  3936 | D:4      | Noticed Natasha
  3942 | D:4      | Killed Natasha
  4111 | D:4      | Reached XP level 7. HP: 36/36 MP: 13/18
  4123 | D:4      | Noticed Crazy Yiuf
  4131 | D:4      | Killed Crazy Yiuf
  4341 | D:5      | Found a snail-covered altar of Cheibriados.
  4751 | D:5      | Found a deep blue altar of Sif Muna.
  4864 | D:6      | Reached XP level 8. HP: 41/41 MP: 14/20
  4957 | D:6      | Found an oddly glowing altar of Pakellas.
  5666 | D:6      | Found a white marble altar of Elyvilon.
  5964 | D:6      | Found a snail-covered altar of Cheibriados.
  5965 | D:6      | Found a shimmering altar of Xom.
  5965 | D:6      | Found a glowing golden altar of the Shining One.
  6383 | D:5      | Found a burning altar of Makhleb.
  6886 | D:3      | Killed grisgris's ghost
  7142 | D:3      | Learned a level 5 spell: Summon Forest
  7150 | D:3      | Found a blossoming altar of Fedhas.
  7363 | D:3      | Noticed Sigmund
  7368 | D:3      | Killed Sigmund
  7368 | D:3      | Reached XP level 9. HP: 40/45 MP: 5/23
  7590 | D:7      | Reached skill level 1 in Summonings
  7590 | D:7      | Reached skill level 1 in Translocations
  7624 | D:7      | HP: 1/45 [orc warrior/glaive (19)]
  7625 | D:7      | Mangled by an orc warrior

Skill      XL: |  1  2  3  4  5  6  7  8  9 |
---------------+----------------------------+-----
Conjurations   | 2 3 4 5 6 8 |  8.4
Spellcasting   | 4 5 6 7 8 |  8.4
Fire Magic     | 4 5 6 8 |  8.4
Summonings     | 1 |  1.0
Translocations | 1 |  1.0
Dodging        | |  2.4
Stealth        | |  2.4

Action                   |  1- 3 |  4- 6 |  7- 9 || total
-------------------------+-------+-------+-------++-------
Melee: Dagger            |    15 |       |       ||    15
       Short sword       |     1 |    49 |       ||    50
       Quarterstaff      |       |       |    78 ||    78
 Cast: Flame Tongue      |    62 |    28 |    48 ||   138
       Sticky Flame      |       |    12 |    48 ||    60
       Throw Flame       |       |     1 |    15 ||    16
  Use: Scroll            |     6 |     6 |     7 ||    19
       Potion            |     2 |     2 |       ||     4
 Stab: Sleeping          |     9 |     8 |     7 ||    24
  Eat: Chunk             |     2 |     2 |     5 ||     9
       Beef jerky        |     1 |       |       ||     1
       Bread ration      |       |     2 |       ||     2
       Meat ration       |       |       |     1 ||     1
       Fruit             |       |       |     2 ||     2
Armor: Robe              |     5 |    18 |    45 ||    68
Dodge: Dodged            |    36 |    53 |    97 ||   186
